 Dungeon Sprint DCSS version 0.30.1-11-g7821555f0a (webtiles) character file.

Game seed: 13043360535214045194

305 Groucho the Trooper (level 6, -4/42 HPs)
             Began as a Gargoyle Gladiator on Jan 1, 2024.
             Was an Initiate of Cheibriados.
             Killed from afar by an acid dragon (20 damage)
             ... with a splash of acid
             ... in the Dungeon (Sprint IX: "|||||||||||||||||||||||||||||").
             The game lasted 00:01:59 (567 turns).

Groucho the Trooper (Gargoyle Gladiator)             Turns: 567, Time: 00:02:00

Health: -4/42      AC: 18    Str: 21    XL:     6   Next: 39%
Magic:  8/10       EV: 10    Int: 12    God:    Cheibriados [......]
Gold:   0          SH:  0    Dex: 15    Spells: 9/9 levels left

rFire   . . .        n - +2 dire flail (heavy)
rCold   . . .        (shield currently unavailable)
rNeg    + . .        d - +1 chain mail
rPois   ∞            c - +0 helmet
rElec   +            (no cloak)
rCorr   .            (no gloves)
SInv    .            a - +0 pair of boots
Will    .....        (no amulet) Stlth
                     b - +3 ring of dexterity
HPRegen 0.27/turn    o - +3 ring of intelligence
MPRegen 0.12/turn

%: no teleportation
@: very slow
A: sickness immunity, AC +4, negative energy resistance 1, electricity
resistance, torment resistance 1, petrification resistance
a: Renounce Religion


You were in the Dungeon.
You worshipped Cheibriados.
Cheibriados was noncommittal.
You visited 1 branch

Inventory:

Hand Weapons
 n - a +2 heavy dire flail (weapon)
Missiles
 e - a javelin (quivered)
Armour
 a - a +0 pair of boots (worn)
 c - a +0 helmet (worn)
 d - a +1 chain mail (worn)
Jewellery
 b - a +3 ring of dexterity (left hand)
 o - a +3 ring of intelligence (right hand)
Wands
 m - a wand of light (10)
Scrolls
 k - 2 scrolls of blinking
 l - 2 scrolls of amnesia
Potions
 f - 5 potions of curing
 g - 2 potions of heal wounds
 h - a potion of haste
 i - 4 potions of magic
 j - a potion of invisibility


   Skills:
 + Level 6.4 Fighting
 + Level 6.4 Maces & Flails
 - Level 1.7 Throwing
 + Level 5.9 Armour
 + Level 5.2 Dodging
 + Level 2.4 Spellcasting
 + Level 6.0 Invocations


You had 9 spell levels left.
You didn't know any spells.
Your spell library was empty.

Dungeon Overview and Level Annotations

Branches:
Dungeon (1/1)

Altars:
Cheibriados
Dithmenos
Elyvilon
Fedhas
Gozag
Hepliaklqana
Kikubaaqudgha
Makhleb
Nemelex Xobeh
Okawaru
Qazlal
Ru
Sif Muna
Trog
Uskayaw
Vehumet
Wu Jian
Xom
Yredelemnul
Zin
The Shining One
Jiyva
Lugonu


Innate Abilities, Weirdness & Mutations

You are immune to sickness and miasma.
Your stone body is resilient. (AC +4)
You are immune to poison.
You resist negative energy. (rN+)
You are resistant to electric shocks. (rElec)
You are resistant to unholy torment.
You are immune to petrification.


Message History

Unknown command.
You bludgeon the wraith!!
You destroy the wraith!
Cheibriados appreciates the change of pace.
The acid dragon closely misses you.
The acid dragon claws you but does no damage.
The acid dragon bites you but does no damage.
The acid dragon claws you but does no damage.
The yak snorts and paws the ground.
Your Fighting skill increases to level 6!
Your Maces & Flails skill increases to level 6!
Your Armour skill increases to level 5!
Your Dodging skill increases to level 5!
Your Spellcasting skill gained 2 levels and is now at level 2!
Your Invocations skill gained 2 levels and is now at level 6!
You have reached level 6!
Unknown command.
Unknown command.
Okay, then.
You barely miss the acid dragon. The acid dragon spits acid at you.
The splash of acid hits you!!
* * * LOW HITPOINT WARNING * * *
The acid dragon barely misses you.
The acid dragon claws you but does no damage.
Unknown command.
Unknown command.
You feel much better.
The acid dragon bites you but does no damage.
The acid dragon closely misses you.
Unknown command.
Unknown command.
You closely miss the acid dragon.
You feel yourself speed up. The acid dragon bites you.
The acid dragon closely misses you. The acid dragon bites you!
The acid dragon claws you but does no damage.
The acid dragon spits acid at you. The splash of acid hits you!!
You die... ▓▓▓▓▓▓▓▓▓▓▓▓▓▓▓▓▓▓▓▓▓▓▓▓ ..YOYyD@.[.[.(..'_______ ▓▓▓▓▓▓▓▓▓▓▓▓▓▓▓▓▓▓▓▓▓▓▓▓

You could see a two-headed ogre, 2 yaks, an acid dragon (catching breath) and a killer bee.

Vanquished Creatures
  A wraith (D)
  A water moccasin (D)
  A hound (D)
  An adder (D)
  A shadow imp (D)
  An orc (D)
  A ball python (D)
  A bat (D)
  An endoplasm (D)
  A goblin (D)
  A quokka (D)
11 creatures vanquished.

Notes
Turn   | Place    | Note
-------+----------+-------------------------------------------
     0 | D        | Groucho the Gargoyle Gladiator began the quest for the Orb.
     0 | D        | Reached XP level 1. HP: 12/12 MP: 1/1
    11 | D        | Reached skill level 1 in Armour
    11 | D        | Reached skill level 1 in Invocations
    21 | D        | Reached XP level 2. HP: 13/18 MP: 1/3
   212 | D        | Noticed a water moccasin
   229 | D        | Killed a water moccasin
   230 | D        | Reached skill level 5 in Fighting
   230 | D        | Reached skill level 5 in Maces & Flails
   230 | D        | Reached XP level 3. HP: 26/26 MP: 3/6
   230 | D        | Reached XP level 4. HP: 31/31 MP: 3/7
   230 | D        | Reached XP level 5. HP: 35/35 MP: 3/8
   353 | D        | Found a snail-covered altar of Cheibriados.
   353 | D        | Found a shadowy altar of Dithmenos.
   353 | D        | Found a white marble altar of Elyvilon.
   353 | D        | Found a blossoming altar of Fedhas.
   353 | D        | Found an opulent altar of Gozag.
   450 | D        | Found a hazy altar of Hepliaklqana.
   451 | D        | Found a viscous altar of Jiyva.
   452 | D        | Found an ancient bone altar of Kikubaaqudgha.
   453 | D        | Found a corrupted altar of Lugonu.
   454 | D        | Found a burning altar of Makhleb.
   455 | D        | Found a sparkling altar of Nemelex Xobeh.
   456 | D        | Found an iron altar of Okawaru.
   457 | D        | Found a stormy altar of Qazlal.
   458 | D        | Found a sacrificial altar of Ru.
   459 | D        | Found a shimmering blue altar of Sif Muna.
   460 | D        | Found a bloodstained altar of Trog.
   469 | D        | Became a worshipper of Cheibriados the Contemplative
   478 | D        | Found a hide-covered altar of Uskayaw.
   479 | D        | Found a radiant altar of Vehumet.
   480 | D        | Found an ornate altar of the Wu Jian Council.
   481 | D        | Found a shimmering altar of Xom.
   482 | D        | Found a basalt altar of Yredelemnul.
   483 | D        | Found a glowing silver altar of Zin.
   484 | D        | Found a glowing golden altar of the Shining One.
   556 | D        | Noticed a yak
   556 | D        | Noticed a two-headed ogre
   556 | D        | Noticed a yak
   556 | D        | Noticed an acid dragon
   556 | D        | Noticed a wraith
   564 | D        | Killed a wraith
   565 | D        | Reached skill level 5 in Armour
   565 | D        | Reached skill level 5 in Dodging
   565 | D        | Reached XP level 6. HP: 28/42 MP: 8/10
   567 | D        | Killed from afar by an acid dragon

Illustrated notes

Levels and vault maps discovered:
D:        linesprint [early_d, line_temple, items_1, d_10, items_2, lair_1,
          lair_end, items_3, orc_1, orc_end, items_4, d_15, swamp_1, shoals_1,
          snake_1, spider_1, d_20, vaults_1, items_5, swamp_end, shoals_end,
          snake_end, spider_end, vaults_end, d_27, items_6, zot_1, zot_end,
          crypt_end, forest_end, elf_end, slime_end, tomb_end, abyss_end,
          pan_hell_end]

Skill      XL: |  1  2  3  4  5 |
---------------+----------------+-----
Armour         | 1 4 5 |  5.9
Invocations    | 1 4 6 |  6.0
Fighting       | 5 6 |  6.4
Dodging        | 4 5 |  5.2
Maces & Flails | 5 6 |  6.4
Spellcasting   | 2 |  2.4
Throwing       | |  1.7

Action                     |  1- 3 |  4- 6 || total
---------------------------+-------+-------++-------
  Melee: Flail             |    33 |    15 ||    48
         Punch             |     1 |       ||     1
         Dire flail        |       |    10 ||    10
    Use: Potion            |     1 |     1 ||     2
 Armour: Leather armour    |    12 |     4 ||    16
         Chain mail        |       |     9 ||     9
  Dodge: Dodged            |    22 |    26 ||    48
